 Dungeon Crawl Stone Soup version 0.31.0-11-ge490571c62 (webtiles) character file.

Game seed: 4400180002563343293

473 qw the Shooter (level 6, 0/30 HPs)
             Began as a Spriggan Hunter on Feb 3, 2024.
             Killed from afar by a white imp (4 damage)
             ... with a puff of frost
             ... on level 4 of the Dungeon.
             The game lasted 00:00:16 (3275 turns).

qw the Shooter (Spriggan Hunter)                    Turns: 3275, Time: 00:00:16

Health: 0/30       AC:  6    Str:  7    XL:     6   Next: 83%
Magic:  7/7        EV: 21    Int: 11    God:
Gold:   107        SH:  0    Dex: 20    Spells: 5/5 levels left

rFire   . . .        a - +1 shortbow
rCold   . . .        (shield currently unavailable)
rNeg    . . .        c - +0 robe
rPois   .            (helmet restricted)
rElec   .            (no cloak)
rCorr   .            (gloves unavailable)
SInv    +            (boots unavailable)
Will    +....        (no amulet)
Stlth   ++           g - +4 ring of protection
HPRegen 0.25/turn    (no ring)
MPRegen 0.10/turn

%: no passive effects
@: about to teleport, very quick
A: very small, no large weapons, unfitting armour, see invisible, speed 3
a: no special abilities


You were on level 4 of the Dungeon.
You visited 1 branch of the dungeon, and saw 4 of its levels.

You collected 107 gold pieces.


Innate Abilities, Weirdness & Mutations

You are very small and have problems with some larger weapons.
You are too small for most types of armour.
You have supernaturally acute eyesight. (SInv)
You cover ground extremely quickly. (Speed+++)


   Skills:
 - Level 2.0 Fighting
 + Level 6.8 Ranged Weapons
 - Level 6.3 Dodging
 - Level 1.5 Stealth


You had 5 spell levels left.
You didn't know any spells.
Your spell library was empty.

Inventory:

Hand Weapons
 a - a +1 shortbow (weapon)
Armour
 c - a +0 robe (worn)
Jewellery
 g - a +4 ring of protection (left hand)
Potions
 b - a potion of enlightenment
 d - a potion of curing
 e - a potion of lignification {unknown}
 h - a potion of might

Dungeon Overview and Level Annotations

Branches:
Dungeon (4/15)
 Temple: D:4-7

Altars:
Zin

Shops:
D:4 (

Annotations:
D:4 1 runed translucent door, Crazy Yiuf


Message History

Found 8 gold pieces.
You shoot an arrow. The orc priest shouts!
The arrow hits the orc priest but does no damage.
You hear a shout! x2
An orc comes into view. It is wielding a +0 whip of flaming.
A white imp comes into view.
The white imp shouts!
You shoot an arrow. The arrow hits the orc priest.
The orc priest is lightly wounded.
You shoot an arrow.
The arrow closely misses the orc priest.
The arrow hits the white imp but does no damage.
An orc priest comes into view. It is wielding a +0 hand axe.
You shoot an arrow. The arrow hits the orc priest.
The orc priest is heavily wounded.
The orc priest calls down the wrath of Beogh upon you.
Pain shoots through your body!
You shoot an arrow.
The arrow closely misses the orc priest.
The arrow hits the white imp.
The white imp is heavily wounded.
The orc priest calls down the wrath of Beogh upon you.
Beogh smites you!
You shoot an arrow. The arrow barely misses the orc priest.
The arrow hits the orc!
You kill the orc!
You shoot an arrow. The arrow barely misses the orc priest.
The orc priest hits you with a +0 falchion of protection.
The white imp gestures at you. The puff of frost hits you!
You shoot an arrow. The arrow barely misses the orc priest.
The white imp hits you. The white imp freezes you.
The orc priest completely misses you.
3275 ||| READING scroll of teleportation.
As you read the scroll of teleportation, it crumbles to dust.
You feel strangely unstable. The white imp gestures at you.
The puff of frost hits you.
You die...

##...##............ ~~
...> ####..#...#.# ~~~
.#..> #..#####.# .~~.
##.######..# #.# ..7
#..%......## #.. .).
######.....## ##. ##?#
##.......## ##
...#..5####.........####
#...oo@..'.........'...
###...####.........####
##.# ##.......## # #$
##.>...## # ##...##
##+##


You could see 2 orc priests and a white imp.

Vanquished Creatures
  Blork the orc (D:4)
  A hound (D:4)
  A quasit (D:4)
  2 orc priests (D:3)
  An iguana (D:4)
  7 gnolls
  7 adders
  2 shadow imps (D:4)
  3 ufetubi (D:4)
  4 ribbon worms
  5 orcs
  8 ball pythons
  4 bats
  6 endoplasms
  5 giant cockroaches
  3 goblins
  7 hobgoblins
  6 jackals
  3 kobolds
  A quokka (D:2)
  5 frilled lizards
  8 rats
90 creatures vanquished.

Notes
Turn   | Place    | Note
-------+----------+-------------------------------------------
     0 | D:1      | qw the Spriggan Hunter began the quest for the Orb.
     0 | D:1      | Reached XP level 1. HP: 10/10 MP: 2/2
     0 | D:1      | 0 ||| qw: Version: 0.3-a-158-g18b3111
     0 | D:1      | 0 ||| qw: Game counter: 4056
     0 | D:1      | 0 ||| qw: Melee chars always use a shield: true
     0 | D:1      | 0 ||| qw: God list: Okawaru
     0 | D:1      | 0 ||| qw: Allow faded altars: false
     0 | D:1      | 0 ||| qw: Do Orc after clearing Dungeon:15 true
     0 | D:1      | 0 ||| qw: Do second Lair branch before Depths: true
     0 | D:1      | 0 ||| qw: Lair rune preference: random
     0 | D:1      | 0 ||| qw: Goals: Normal
     0 | D:1      | 0 ||| PLANNING D:1-11
    55 | D:1      | Reached skill level 3 in Dodging
   159 | D:1      | Reached XP level 2. HP: 14/14 MP: 3/3
   807 | D:1      | 807 ||| READING scroll labelled JUIBEI DOWKEH.
   808 | D:1      | 808 ||| READING scroll labelled TUFFIZXOAKK.
   808 | D:1      | 808 ||| IDENTIFYING sapphire potion
   809 | D:1      | 809 ||| READING scroll labelled PUMUTS XEINE.
   809 | D:1      | 809 ||| ENCHANTING +0 shortbow.
   810 | D:1      | 810 ||| DROPPING scroll of butterflies.
   861 | D:2      | Reached XP level 3. HP: 18/18 MP: 4/4
   903 | D:2      | 903 ||| FLEEEEING.
   904 | D:2      | 904 ||| FLEEEEING.
   905 | D:2      | 905 ||| FLEEEEING.
   906 | D:2      | 906 ||| FLEEEEING.
   907 | D:2      | 907 ||| FLEEEEING.
   908 | D:2      | 908 ||| FLEEEEING.
   917 | D:2      | 917 ||| STAIRDANCE
  1117 | D:2      | Found a faded altar of an unknown god.
  1229 | D:2      | 1229 ||| RETREEEEATING.
  1231 | D:2      | 1231 ||| RETREEEEATING.
  1232 | D:2      | 1232 ||| RETREEEEATING.
  1237 | D:2      | Reached XP level 4. HP: 22/22 MP: 5/5
  1401 | D:2      | 1401 ||| READING 3 scrolls of identify.
  1401 | D:2      | 1401 ||| IDENTIFYING orange potion
  1402 | D:2      | 1402 ||| READING 2 scrolls of identify.
  1402 | D:2      | 1402 ||| IDENTIFYING silvery potion
  1403 | D:2      | 1403 ||| READING scroll of identify.
  1403 | D:2      | 1403 ||| IDENTIFYING scroll labelled YNTYZI CATAN
  1404 | D:2      | 1404 ||| READING scroll labelled KIPLAOZ KAICWOM.
  1408 | D:2      | 1408 ||| READING scroll labelled NOJYEM OPROTU.
  1409 | D:2      | 1409 ||| READING scroll labelled DIEVUTINOA.
  1510 | D:2      | 1510 ||| DROPPING scroll of silence.
  1511 | D:2      | 1511 ||| DROPPING potion of brilliance.
  1640 | D:3      | Reached XP level 5. HP: 26/26 MP: 6/6
  1673 | D:3      | 1673 ||| FLEEEEING.
  1674 | D:3      | 1674 ||| FLEEEEING.
  1675 | D:3      | 1675 ||| FLEEEEING.
  1676 | D:3      | 1676 ||| FLEEEEING.
  1677 | D:3      | 1677 ||| FLEEEEING.
  1678 | D:3      | 1678 ||| FLEEEEING.
  1679 | D:3      | 1679 ||| FLEEEEING.
  1680 | D:3      | 1680 ||| FLEEEEING.
  1682 | D:3      | 1682 ||| FLEEEEING.
  1684 | D:3      | 1684 ||| FLEEEEING.
  1685 | D:3      | 1685 ||| FLEEEEING.
  1686 | D:3      | 1686 ||| FLEEEEING.
  1687 | D:3      | 1687 ||| FLEEEEING.
  1692 | D:3      | 1692 ||| FLEEEEING.
  1693 | D:3      | 1693 ||| STAIRDANCE
  1908 | D:3      | Found a glowing silver altar of Zin.
  1951 | D:3      | HP: 4/26 [orc priest/divine providence (7)]
  1977 | D:3      | 1977 ||| FLEEEEING.
  1986 | D:3      | 1986 ||| FLEEEEING.
  1987 | D:3      | 1987 ||| FLEEEEING.
  1988 | D:3      | 1988 ||| FLEEEEING.
  1989 | D:3      | 1989 ||| FLEEEEING.
  1990 | D:3      | 1990 ||| FLEEEEING.
  2004 | D:3      | HP: 5/26 [poisoned by an adder]
  2008 | D:3      | HP: 2/26 [poisoned by an adder]
  2012 | D:3      | Reached skill level 6 in Ranged Weapons
  2621 | D:3      | Reached XP level 6. HP: 30/30 MP: 7/7
  2623 | D:3      | 2623 ||| UPGRADING to +4 ring of protection.
  2624 | D:3      | 2624 ||| READING scroll of identify.
  2624 | D:3      | 2624 ||| IDENTIFYING dark potion
  2625 | D:3      | 2625 ||| READING scroll labelled LOOTYDD MIBU.
  2694 | D:4      | Noticed Blork the orc
  2702 | D:4      | Killed Blork the orc
  2703 | D:4      | Reached skill level 6 in Dodging
  3086 | D:4      | Found Huerr's Weapon Emporium.
  3109 | D:4      | Found a runed translucent door.
  3110 | D:4      | Noticed Crazy Yiuf
  3274 | D:4      | HP: 4/30 [white imp (5)]
  3275 | D:4      | 3275 ||| READING scroll of teleportation.
  3275 | D:4      | Killed from afar by a white imp

Levels and vault maps discovered:
D:1:      kennysheep_arrival_seaside, layout_basic
D:2:      layout_rooms, shapermc_ecumenical_altar_mp_urbaneastern, st_stairs_5
D:3:      layout_basic, mainiacjoe_overflow_24_doors, grunt_ministairs_6
D:4:      layout_loops_corners, minmay_temple_entry_arrows, serial_shops,
          nicolae_shop_statue_plus, serial_demonic, serial_demonic_d,
          serial_demonic_f, serial_demonic_e, serial_demonic_e,
          serial_demonic_e, serial_demonic_d, serial_demonic_e, nicolae_titane,
          uniq_crazy_yiuf_cottage, uniq_menkaure, uniq_blork_the_orc

Skill      XL: |  1  2  3  4  5  6 |
---------------+-------------------+-----
Dodging        | 3 4 5 6 |  6.3
Ranged Weapons | 5 6 |  6.8
Fighting       | 2 |  2.0
Stealth        | |  1.5

Action                     |  1- 3 |  4- 6 || total
---------------------------+-------+-------++-------
   Fire: Shortbow          |   108 |   221 ||   329
    Use: Scroll            |     3 |     9 ||    12
 Armour: Robe              |    21 |    49 ||    70
  Dodge: Dodged            |    53 |   196 ||   249

Table legend:
 A = Non-vault XP
 B = Vault XP
 C = Vault XP percentage of total XP
 D = Non-vault monster count
 E = Vault monster count
 F = Vault count percentage of total count
                 A         B        C        D         E       F
            +---------+---------+-------+---------+---------+-------
      Total |     479 |     197 |  29.1 |      79 |      11 |  12.2
            +---------+---------+-------+---------+---------+-------
        D:1 |      21 |       0 |   0.0 |      14 |       0 |   0.0
        D:2 |     136 |       4 |   2.9 |      33 |       2 |   5.7
        D:3 |     225 |       6 |   2.6 |      24 |       2 |   7.7
        D:4 |      97 |     187 |  65.8 |       8 |       7 |  46.7
            +---------+---------+-------+---------+---------+-------
